Map: Proxima Station LE

Players

TYTY

  • Race: Terran Terran
  • Spawn Location: 1:00

herO - Winner!

  • Race: Protoss Protoss
  • League: Master
  • Spawn Location: 7:00

VOD

Have the link to the VOD?

Description

Time

  • Played on: July 29, 2017, 10:10 p.m.
  • Length: 18:53
Show
View Real Time Build Order
Export as new Build Order

TYTY Terran 

Build Orders: MMM Bio 

Get SALT Encoding   

  12  0:00  SCV  
  13  0:12  SCV  
  14  0:18  Supply Depot  
  14  0:24  SCV  
  15  0:39  SCV  
  15  0:41  Barracks  
  16  0:44  Refinery  
  16  0:51  SCV  
  17  1:03  SCV  
  18  1:16  SCV  
  19  1:31  Marine  
  19  1:32  Orbital Command  
  20  1:44  Command Center  
  20  1:55  Factory  
  20  1:59  SCV  
  21  2:08  Barracks Reactor, Supply Depot  
  21  2:12  SCV  
  22  2:18  Refinery  
  22  2:24  SCV  
  23  2:36  SCV  
  24  2:42  Starport  
  24  2:44  Marine x2  
  24  2:46  Widow Mine  
  24  2:48  SCV  
  29  3:00  SCV  
  29  3:02  Orbital Command  
  29  3:03  Marine x2  
  32  3:12  SCV  
  33  3:14  Widow Mine  
  33  3:18  Medivac  
  37  3:20  Marine  
  37  3:21  Marine  
  39  3:27  SCV  
  39  3:28  SCV  
  39  3:33  Supply Depot  
  41  3:38  Marine x2  
  41  3:39  SCV  
  41  3:40  SCV  
  45  3:51  SCV  
  45  3:52  Factory Tech Lab  
  45  3:55  SCV, Viking  
  49  3:57  Barracks  
  49  3:58  Marine  
  49  4:00  Marine  
  51  4:03  SCV  
  51  4:07  SCV  
  51  4:08  Supply Depot  
  53  4:17  SCV  
  54  4:30  Marine x2, SCV  
  57  4:35  SCV  
  57  4:37  Barracks  
  58  4:40  Supply Depot  
  58  4:44  Starport Reactor, Factory Reactor  
  57  4:48  Marine x2, SCV  
  57  4:49  SCV  
  57  4:52  Stimpack  
  60  4:54  Marine  
  60  4:55  Engineering Bay  
  61  5:02  SCV  
  61  5:04  SCV  
  63  5:07  Marine x2  
  63  5:11  Command Center  
  63  5:13  Supply Depot  
  63  5:14  SCV  
  66  5:20  Liberator  
  68  5:25  Marine  
  68  5:26  Terran Infantry Weapons Level 1  
  68  5:27  Supply Depot  
  70  5:29  Refinery  
  70  5:31  SCV x2  
  70  5:32  Factory Reactor  
  70  5:35  Medivac  
  73  5:38  Marine x2  
  73  5:40  Marauder  
  78  5:46  Supply Depot  
  78  5:48  SCV x2  
  80  5:50  Supply Depot  
  80  5:51  Marine x2  
  82  6:01  SCV x2  
  84  6:05  Marine x2  
  84  6:07  Supply Depot x2  
  84  6:08  Marauder, Widow Mine  
  84  6:10  Widow Mine  
  92  6:12  Marine x2  
  94  6:22  SCV x2, Missile Turret  
  94  6:24  Medivac x2  
  99  6:28  Orbital Command  
  99  6:32  Marine x2  
  100  6:33  Missile Turret  
  100  6:34  Marine  
  102  6:40  SCV  
  102  6:41  SCV  
  102  6:45  Widow Mine x2  
  106  6:53  SCV  
  101  7:02  Marauder  
  101  7:03  Marine x2  
  101  7:07  SCV x2  
  101  7:13  Medivac x2, Widow Mine x2  
  106  7:19  SCV  
  105  7:23  SCV  
  105  7:24  Marauder  
  105  7:25  Orbital Command  
  105  7:26  Marine x2  
  107  7:30  Marine x2  
  107  7:31  SCV  
  107  7:35  SCV  
  107  7:36  Liberator  
  109  7:43  SCV, Combat Shields  
  107  7:44  Marine  
  107  7:45  Marauder  
  107  7:49  Marine  
  107  7:50  Marine  
  112  7:54  SCV  
  116  8:00  Widow Mine x2  
  116  8:04  SCV x2  
  116  8:05  Marine x2  
  122  8:06  SCV  
  124  8:12  Supply Depot  
  124  8:13  Marine  
  124  8:18  Supply Depot x2  
  124  8:19  Barracks  
  125  8:20  Supply Depot  
  125  8:21  Barracks, Supply Depot  
  125  8:22  SCV x2  
  123  8:30  Marine x2  
  123  8:32  SCV  
  116  8:34  SCV  
  116  8:37  SCV  
  116  8:38  Marine x3  
  116  8:39  Liberator  
  109  8:44  SCV  
  109  8:46  SCV  
  104  8:49  SCV  
  104  8:52  Marine x2  
  101  8:56  Marine, SCV  
  101  8:58  SCV  
  101  8:59  Marine x2  
  106  9:04  SCV  
  107  9:11  Marine x2  
  107  9:13  Barracks Tech Lab  
  107  9:15  Terran Infantry Armor Level 1, SCV  
  107  9:16  SCV  
  109  9:20  Marauder, Marine x2  
  113  9:24  SCV  
  113  9:27  Refinery  
  113  9:28  SCV, Ghost Academy  
  113  9:29  Refinery  
  113  9:30  Refinery  
  115  9:33  SCV  
  115  9:34  Marine x2  
  115  9:35  Marine  
  115  9:36  SCV  
  120  9:41  SCV, Missile Turret  
  121  9:45  SCV  
  121  9:48  Marine  
  121  9:49  SCV  
  121  9:53  SCV  
  121  9:57  SCV  
  122  10:04  SCV  
  122  10:05  SCV  
  123  10:10  SCV  
  125  10:16  SCV  
  125  10:17  SCV  
  125  10:21  Barracks Tech Lab, Ghost x2  
  125  10:22  SCV  
  125  10:24  Armory  
  125  10:26  Engineering Bay  
  128  10:28  SCV  
  128  10:30  SCV  
  128  10:34  SCV, Viking  
  133  10:37  Viking  
  133  10:40  SCV  
  135  10:49  Marauder, SCV x2  
  139  10:50  Marauder  
  139  10:52  SCV  
  139  10:55  Missile Turret  
  142  11:04  Marine x2  
  142  11:05  Viking  
  145  11:12  Terran Infantry Armor Level 2, Terran Infantry Weapons Level 2  
  145  11:15  Command Center  
  145  11:17  Marine  
  146  11:19  Marauder x2, Marine  
  146  11:25  Viking  
  152  11:26  SCV  
  152  11:27  SCV  
  151  11:35  Viking  
  151  11:43  Marauder x2, Marine x2  
  151  11:45  Concussive Shells  
  154  11:52  SCV  
  154  11:53  SCV  
  156  11:55  Starport, Viking  
  153  12:05  Viking  
  153  12:06  Marine x2  
  160  12:09  Ghost  
  160  12:10  Ghost  
  159  12:16  Missile Turret  
  159  12:27  Viking  
  161  12:32  Viking x2  
  161  12:33  Supply Depot  
  161  12:36  Ghost  
  167  12:38  Ghost  
  167  12:42  Marine x2  
  167  12:43  Marauder  
  173  12:52  Viking  
  175  12:59  Liberator x2  
  175  13:04  Marauder  
  175  13:06  Supply Depot  
  175  13:11  Marauder x2, Marine x2  
  180  13:19  SCV x2  
  188  13:20  Liberator  
  188  13:23  Planetary Fortress  
  186  13:30  Marauder, Marine x3  
  186  13:32  Marauder  
  194  13:54  Marauder x2, Marine x2  
  190  14:02  Viking x2  
  193  14:06  Marauder, Marine  
  196  14:11  Marine  
  196  14:12  Terran Infantry Weapons Level 3  
  196  14:15  Marauder  
  189  14:27  Marine x3  
  189  14:28  Marauder x2  
  196  14:34  Sensor Tower, Refinery  
  196  14:35  Refinery, Missile Turret  
  196  14:36  Supply Depot x2  
  196  14:40  Liberator  
  194  14:55  Marine x2  
  194  14:57  Marine  
  194  14:58  Supply Depot  
  194  14:59  Missile Turret  
  200  15:02  Orbital Command  
  194  15:36  Marine x3  
  194  15:37  Marauder x2  
  194  15:39  Barracks  
  194  15:40  Barracks  
  180  15:44  Personal Cloaking  
  180  15:46  SCV x2  
  180  15:48  Sensor Tower  
  179  15:51  Terran Ship Weapons Level 1  
  179  15:54  Marine x2  
  179  15:55  Marauder, Liberator x2  
  179  15:56  SCV  
  180  15:58  Marauder, SCV  
  165  16:11  Marauder, Marine x2  
  165  16:12  Marine  
  165  16:14  SCV  
  165  16:16  Marauder, SCV  
  179  16:21  Refinery x2  
  171  16:26  SCV  
  171  16:28  SCV  
  173  16:36  Orbital Command  
  173  16:40  Liberator, Marine  
  173  16:41  Marauder, Barracks Tech Lab, Barracks Reactor  
  173  16:43  Marine x4  
  180  16:50  Missile Turret  
  176  17:02  SCV x2  
  176  17:06  Liberator x2  
  172  17:11  Liberator  
  172  17:14  SCV x2  
  174  17:18  Marine x4  
  174  17:20  Missile Turret  
  178  17:26  SCV x2  
  178  17:28  Bunker  
  178  17:29  Liberator  
  189  17:34  Marine x4  
  190  17:38  SCV x2  
  189  17:44  Orbital Command  
  189  17:48  Command Center x2  
  189  17:50  SCV  
  193  17:52  Liberator  
  193  17:54  SCV  
  193  17:56  Sensor Tower, Missile Turret  
  194  18:02  SCV  
  192  18:06  Marine x2  
  192  18:10  SCV  
  199  18:14  Marauder  
  196  18:33  Marine  
  196  18:34  Marine x2  
  174  18:37  SCV  
  174  18:38  SCV x2  
Show
View Real Time Build Order
Export as new Build Order

herO Protoss - Winner!

Build Orders: Nexus First, Oracle Opening 

Get SALT Encoding   

  12  0:01  Probe (Chrono Boost)  
  13  0:11  Probe (Chrono Boost)  
  14  0:17  Pylon  
  14  0:22  Probe (Chrono Boost)  
  15  0:36  Probe (Chrono Boost)  
  16  0:46  Probe (Chrono Boost)  
  17  0:59  Nexus  
  17  1:09  Gateway  
  17  1:13  Probe (Chrono Boost)  
  18  1:18  Assimilator  
  18  1:24  Probe (Chrono Boost)  
  19  1:25  Assimilator  
  19  1:34  Probe (Chrono Boost)  
  20  1:45  Probe (Chrono Boost)  
  21  1:55  Probe (Chrono Boost)  
  21  1:58  Cybernetics Core  
  21  2:06  Probe (Chrono Boost)  
  22  2:11  Probe (Chrono Boost)  
  23  2:17  Probe (Chrono Boost)  
  23  2:21  Probe (Chrono Boost)  
  25  2:27  Probe (Chrono Boost)  
  25  2:29  Pylon  
  26  2:32  Probe (Chrono Boost)  
  26  2:34  Adept  
  26  2:35  Warp Gate  
  29  2:38  Probe (Chrono Boost)  
  29  2:43  Probe (Chrono Boost)  
  31  2:47  Stargate  
  31  2:49  Probe (Chrono Boost)  
  32  2:53  Probe (Chrono Boost)  
  33  2:59  Probe (Chrono Boost)  
  33  3:01  Adept  
  33  3:04  Probe (Chrono Boost)  
  37  3:10  Mothership Core (Chrono Boost)  
  39  3:14  Probe (Chrono Boost)  
  39  3:17  Pylon  
  40  3:20  Pylon  
  40  3:24  Probe (Chrono Boost)  
  41  3:28  Adept  
  41  3:33  Oracle (Chrono Boost)  
  46  3:36  Probe  
  46  3:38  Probe, Gateway x2  
  48  3:44  Assimilator  
  48  3:45  Assimilator  
  48  3:46  Pylon  
  48  3:48  Probe  
  48  3:50  Probe  
  50  3:59  Probe  
  50  4:02  Probe  
  52  4:04  Phoenix (Chrono Boost)  
  52  4:07  Twilight Council  
  54  4:10  Probe  
  54  4:11  Forge  
  54  4:14  Probe  
  56  4:21  Probe  
  57  4:26  Probe, Phoenix (Chrono Boost)  
  60  4:33  Probe, Protoss Ground Weapons Level 1  
  60  4:38  Probe  
  60  4:43  Pylon  
  61  4:48  Resonating Glaives (Chrono Boost)  
  61  4:52  Nexus  
  61  4:57  Robotics Facility  
  61  5:01  Phoenix  
  61  5:05  Pylon  
  63  5:10  Probe x2  
  65  5:20  Pylon  
  65  5:22  Probe x2  
  65  5:24  Adept x3  
  73  5:29  Phoenix (Chrono Boost)  
  73  5:34  Probe x2  
  76  5:43  Pylon  
  76  5:46  Probe x2  
  76  5:48  Warp Prism (Chrono Boost)  
  78  5:53  Phoenix (Chrono Boost)  
  82  5:59  Adept x2  
  82  6:02  Pylon  
  86  6:05  Adept  
  86  6:08  Pylon  
  86  6:10  Probe x2  
  86  6:11  Probe  
  91  6:16  Phoenix (Chrono Boost)  
  93  6:23  Protoss Ground Weapons Level 2 (Chrono Boost)  
  93  6:26  Observer, Adept x3  
  93  6:28  Probe x2 (Chrono Boost)  
  93  6:29  Probe (Chrono Boost)  
  103  6:34  Pylon  
  103  6:38  Phoenix  
  103  6:44  Probe  
  103  6:45  Probe x2  
  108  6:50  Gateway  
  108  6:51  Pylon  
  108  6:55  Adept  
  108  6:56  Adept x2  
  108  7:00  Blink  
  100  7:10  Probe x3  
  100  7:12  Phoenix  
  100  7:14  Warp Prism (Chrono Boost)  
  101  7:33  Stalker x3  
  101  7:34  Probe x2  
  101  7:35  Probe  
  102  7:45  Assimilator  
  102  7:46  Assimilator  
  102  7:49  Phoenix  
  102  7:50  Gateway, Immortal (Chrono Boost)  
  102  7:51  Gateway  
  108  7:53  Gateway  
  108  7:57  Probe x3  
  111  8:05  Sentry x3  
  115  8:08  Pylon  
  115  8:09  Pylon  
  115  8:10  Pylon  
  115  8:19  Probe x3  
  118  8:24  Immortal (Chrono Boost)  
  118  8:25  Pylon  
  120  8:27  Pylon  
  120  8:32  Zealot x3  
  126  8:40  Photon Cannon  
  119  8:44  Protoss Ground Armor Level 1, Photon Cannon  
  119  8:48  Probe x2  
  112  8:52  Pylon  
  110  9:00  Sentry x2, Immortal (Chrono Boost), Adept x2  
  110  9:01  Adept x2  
  124  9:03  Probe x3  
  125  9:10  Gateway  
  125  9:21  Adept, Robotics Bay  
  125  9:22  Adept x3  
  133  9:25  Adept x2  
  137  9:36  Immortal (Chrono Boost)  
  137  9:37  Pylon  
  141  9:49  Pylon  
  141  9:51  Sentry  
  143  9:59  Pylon, Nexus  
  141  10:00  Stalker x3  
  141  10:05  Colossus (Chrono Boost)  
  144  10:13  Extended Thermal Lance (Chrono Boost)  
  150  10:18  Stalker  
  150  10:19  Stalker  
  154  10:23  Stalker  
  156  10:35  Stalker x4  
  164  10:45  Stalker x2  
  164  10:48  Probe x3  
  171  10:50  Gateway  
  171  10:51  Colossus  
  171  10:53  Pylon  
  177  11:09  Adept  
  177  11:14  Stalker x4  
  177  11:17  Stalker  
  187  11:21  Pylon  
  187  11:24  Adept  
  187  11:36  Protoss Ground Armor Level 2  
  187  11:37  Colossus  
  189  11:49  Stalker x3  
  189  11:50  Stalker  
  189  11:52  Assimilator  
  189  11:53  Charge, Assimilator, Phoenix  
  191  11:56  Probe  
  191  11:58  Probe x3  
  192  12:15  Robotics Facility  
  192  12:26  Pylon, Templar Archives  
  198  12:40  Gateway  
  198  12:41  Pylon  
  198  12:42  Gateway  
  198  12:45  Gateway  
  198  12:47  Forge, Pylon  
  198  12:51  Immortal  
  198  12:55  Pylon  
  196  13:07  Psionic Storm  
  196  13:09  Nexus  
  196  13:14  Photon Cannon x2  
  196  13:16  Photon Cannon  
  196  13:18  Photon Cannon  
  193  13:20  Photon Cannon  
  193  13:22  Photon Cannon  
  193  13:23  Pylon  
  193  13:30  Photon Cannon  
  193  13:31  Photon Cannon  
  193  13:33  High Templar x3  
  199  13:37  High Templar x2  
  199  13:41  Photon Cannon  
  199  13:43  Warp Prism  
  199  13:44  Observer  
  191  14:02  Stalker x3, High Templar  
  196  14:19  Protoss Ground Weapons Level 3 (Chrono Boost)  
  196  14:23  Protoss Shields Level 1 (Chrono Boost)  
  192  14:36  Photon Cannon x2  
  192  14:38  Photon Cannon  
  191  14:54  Dark Shrine  
  191  14:55  Stargate  
  191  14:57  Fleet Beacon  
  189  15:04  Zealot x4  
  191  15:12  Archon  
  191  15:13  Archon  
  188  15:22  Pylon  
  182  15:38  Zealot x7  
  182  15:39  Zealot  
  194  15:46  Assimilator  
  194  15:47  Assimilator  
  156  16:10  Stalker x3  
  162  16:12  Stalker  
  162  16:13  High Templar x4  
  162  16:17  Immortal x2  
  176  16:26  Photon Cannon  
  176  16:28  Photon Cannon  
  176  16:29  Dark Templar x2  
  176  16:31  Photon Cannon  
  176  16:32  Photon Cannon  
  180  16:34  Photon Cannon  
  180  16:37  Pylon  
  180  16:41  Tempest (Chrono Boost)  
  186  16:47  Tempest (Chrono Boost)  
  190  16:56  Observer  
  191  17:09  Zealot x5  
  195  17:29  Stalker x4  
  200  17:31  Archon  
  192  17:38  Oracle (Chrono Boost)  
  192  17:41  High Templar x3  
  190  18:06  Tempest (Chrono Boost)  
  190  18:13  High Templar  
  190  18:14  High Templar x2  
  190  18:16  Stalker  
  190  18:17  Stalker  
  168  18:42  Stalker x6  
  168  18:43  Stalker x2  
  168  18:46  Stalker x3  
Tags
 
Add a new tag
Caveats
  • Supply blocks, unpowered buildings, or Contaminate may cause inaccurate times.
  • Supply counts are checked every 10 seconds.